Map: Moonlight Madness LE (Void)

Players

AwwHey - Winner!

  • Race: Terran Terran
  • League: Platinum

Javert

  • Race: Zerg Zerg
  • League: Platinum

VOD

Have the link to the VOD?

Description

Time

  • Played on: Aug. 21, 2015, 12:26 a.m.
  • Length: 6:21
Show
View Real Time Build Order
Export as new Build Order

AwwHey Terran - Winner!

Build Orders:  

Get SALT Encoding   

  12  0:01  SCV  
  13  0:13  SCV  
  14  0:18  Supply Depot  
  14  0:25  SCV  
  15  0:42  SCV  
  17  1:02  Barracks  
  16  1:05  Barracks  
  16  1:08  Barracks  
  16  1:11  SCV  
  17  1:21  Supply Depot  
  17  1:25  SCV  
  18  1:37  SCV  
  19  1:44  Supply Depot  
  19  2:05  Marine  
  19  2:06  Marine  
  19  2:08  Marine  
  22  2:12  Orbital Command  
  22  2:23  Marine  
  22  2:24  Marine  
  22  2:26  Marine  
  25  2:41  Marine x2  
  25  2:43  Marine  
  28  2:49  SCV  
  29  2:59  Marine x2  
  29  3:01  Marine  
  32  3:11  Command Center  
  32  3:16  Marine  
  32  3:17  Marine  
  32  3:19  Marine  
  34  3:32  Supply Depot  
  34  3:33  Supply Depot  
  34  3:34  Marine  
  34  3:35  Marine  
  34  3:37  Marine  
  33  4:29  Marine  
  31  4:32  Marine  
  31  4:33  Marine  
  17  5:13  Marine x3  
  20  5:26  Supply Depot  
  20  5:29  Supply Depot  
  13  5:41  Marine x2  
  15  5:47  Marine  
  16  5:58  Marine  
Show
View Real Time Build Order
Export as new Build Order

Javert Zerg 

Build Orders: Hatch First 

Get SALT Encoding   

  12  0:01  Drone  
  13  0:13  Overlord  
  13  0:17  Drone  
  14  0:31  Drone x2  
  16  0:36  Drone  
  17  0:55  Hatchery  
  17  0:57  Drone  
  17  0:59  Extractor  
  16  1:05  Drone  
  17  1:13  Drone  
  18  1:21  Spawning Pool  
  18  1:22  Drone  
  18  1:30  Drone  
  19  1:39  Drone  
  20  1:51  Drone  
  21  2:01  Overlord  
  21  2:08  Queen  
  21  2:09  Metabolic Boost  
  21  2:11  Queen  
  21  2:14  Zergling x4  
  27  2:20  Drone  
  28  2:25  Drone  
  28  2:29  Drone  
  30  2:37  Drone  
  31  2:43  Drone  
  32  2:49  Queen x2  
  36  2:53  Overlord  
  36  3:05  Overlord  
  36  3:16  Drone x2  
  36  3:17  Drone x4  
  42  3:25  Drone x4  
  46  3:34  Zergling x2  
  47  3:42  Drone x2  
  49  3:50  Zergling x6  
  7  4:38  Spawning Pool  
  6  4:47  Drone x2  
  6  4:48  Drone x3  
  6  4:49  Drone  
  5  5:25  Drone x2  
Tags
 
Add a new tag
Caveats
  • Supply blocks, unpowered buildings, or Contaminate may cause inaccurate times.
  • Supply counts are checked every 10 seconds.